 Dungeon Sprint DCSS version 0.29-a0-338-g1ff7896281 (webtiles) character file.

Game seed: 16189427756870446440

8240 mhtbhm the Cleaver (level 11, -5/118 HPs)
             Began as a Gargoyle Berserker on Apr 17, 2022.
             Was a High Priest of Trog.
             Slain by a demonic crawler (10 damage)
             ... in the Dungeon (Sprint IV: "Fedhas' Mad Dash").
             The game lasted 00:06:00 (5340 turns).

mhtbhm the Cleaver (Gargoyle Berserker)             Turns: 5340, Time: 00:06:01

Health: -5/118     AC: 17    Str: 24      XL:     11   Next: 27%
Magic:  0/11       EV: 12    Int:  8 (9)  God:    Trog [*****.]
Gold:   245        SH:  0    Dex:  8 (11) Spells: 10/10 levels left

rFire   . . .      SeeInvis +   a - +0 hand axe (flame)
rCold   . . .      Faith    .   (no shield)
rNeg    + . .      Spirit   .   b - +0 scale mail of the Storm King {rPois Dex+2}
rPois   ∞          Reflect  .   (no helmet)
rElec   +          Harm     .   (no cloak)
rCorr   .          Rampage  .   (no gloves)
Will    .....      NoTele   +   (no boots)
Stlth   ..........              k - amulet of invisibility {+Inv}
HPRegen 0.29/turn               m - ring of see invisible
MPRegen 0.12/turn               (no ring)

@: berserking, very quick
A: sickness immunity, AC +8, negative energy resistance 1, electricity
resistance, torment resistance 1, petrification resistance
a: Renounce Religion, Evoke Invisibility, Berserk, Trog's Hand, Brothers in Arms


You were in the Dungeon.
You worshipped Trog.
Trog was extremely pleased with you.
You visited 1 branch You collected 245 gold pieces.

Inventory:

Hand Weapons
 a - a +0 hand axe of flaming (weapon)
 p - a +4 battleaxe of flaming
 r - a +5 vorpal battleaxe
Armour
 b - the +0 scale mail of the Storm King (worn) {rPois Dex+2}
   (You found it in the Dungeon)

   Dex:       It affects your dexterity (+2).
   rPois:     It protects you from poison.
Jewellery
 k - the amulet of invisibility (around neck) {+Inv}
   (You found it in the Dungeon)

   [amulet of nothing]

   +Inv:      It lets you turn invisible.
 m - a ring of see invisible (left hand)
Scrolls
 h - a scroll of blinking
 l - a scroll of identify {unknown}
 n - a scroll of torment {unknown}
 o - a scroll of enchant armour {unknown}
Potions
 c - a potion of curing
 d - a potion of heal wounds
 e - 3 potions of haste
 f - 2 potions of magic
 g - a potion of berserk rage
 i - a potion of invisibility {unknown}
 j - a potion of ambrosia {unknown}
Miscellaneous
 q - a phantom mirror


   Skills:
 + Level 13.9 Fighting
 + Level 14.8 Axes
 + Level 11.5 Armour
 + Level 7.2 Dodging
 - Level 12.7 Stealth
 + Level 6.8 Evocations


You had 10 spell levels left.
You didn't know any spells.
Your spell library was empty.

Dungeon Overview and Level Annotations

Branches:
Dungeon (1/1)

Altars:
Cheibriados
Dithmenos
Elyvilon
Gozag
Hepliaklqana
Kikubaaqudgha
Makhleb
Nemelex Xobeh
Okawaru
Qazlal
Ru
Sif Muna
Trog
Uskayaw
Vehumet
Wu Jian
Xom
Yredelemnul
Zin
The Shining One
Beogh
Jiyva
Lugonu

Shops:
D (??!*[?=?*(


Innate Abilities, Weirdness & Mutations

You are immune to sickness and miasma.
Your stone body is resilient. (AC +8)
You are immune to poison.
You resist negative energy. (rN+)
You are resistant to electric shocks. (rElec)
You are resistant to unholy torment.
You are immune to petrification.


Message History

The demonic crawler hits you but does no damage.
Unknown command.
You hit the demonic crawler.
The demonic crawler is lightly wounded.
You hit the hornet but do no damage. You hit the ghost moth.
You burn the ghost moth. The hornet stings you! The ghost moth hits you!
You feel dopey. The ghost moth hits you! The ghost moth stings you!
The demonic crawler closely misses you. The demonic crawler barely misses you.
The demonic crawler hits you but does no damage.
A red film seems to cover your vision as you go berserk!
You feel yourself moving faster!
You feel mighty! The hornet stings you. The ghost moth stares at you.
You feel your power leaking away. The ghost moth hits you!
You feel clumsy. The ghost moth hits you.
* * * LOW HITPOINT WARNING * * *
The ghost moth stings you but does no damage.
The demonic crawler hits you.
* * * LOW HITPOINT WARNING * * *
The demonic crawler hits you but does no damage.
The demonic crawler hits you.
* * * LOW HITPOINT WARNING * * *
The hornet stings you but does no damage.
You slash the hornet! You burn the hornet.
The hornet is almost dead.
You hit the demonic crawler.
You hit the ghost moth but do no damage.
The ghost moth hits you!
* * * LOW HITPOINT WARNING * * *
You feel clumsy. The ghost moth closely misses you. The ghost moth stings you.
* * * LOW HITPOINT WARNING * * *
You feel clumsy.
You barely miss the hornet.
The hornet is almost dead.
You slash the demonic crawler! You burn the demonic crawler.
You hit the ghost moth. You burn the ghost moth. The demonic crawler hits you!
You die...

#......♣.....#...######
#.....♣..♣..######♣♣♣♣♣
##'####'######.)'......
#).#.)[.'.......#♣..♣♣♣
#..#..###.......#.♣♣..♣
#######################
#......................
#∩...s.............).P.
#∩...y@............).P.
#∩...y...............P.
###########+###########


You could see a ghost moth (invisible), a demonic crawler and a hornet.

Vanquished Creatures
  Agnes (D)
  A spriggan defender (D)
  A spriggan berserker (D)
  A spriggan druid (D)
  6 oklob plants (D)
  A demonic crawler (D)
  3 wandering mushrooms (D)
  3 burning bushes (D)
  2 hornets (D)
  A queen bee (D)
  3 scorpions (D)
  4 killer bees (D)
  5 oklob saplings (D)
  7 spriggans (D)
  A river rat (D)
  A rat (D)
  A ballistomycete spore (D)
42 creatures vanquished.

Vanquished Creatures (others)
  A ballistomycete spore (D)
  2 fungi (D)
3 creatures vanquished.

Grand Total: 45 creatures vanquished

Notes
Turn   | Place    | Note
-------+----------+-------------------------------------------
     0 | D        | mhtbhm the Gargoyle Berserker began the quest for the Orb.
     0 | D        | Reached XP level 1. HP: 14/14 MP: 1/1
    17 | D        | Reached skill level 3 in Axes
    17 | D        | Reached XP level 2. HP: 9/20 MP: 2/2
   233 | D        | Noticed an oklob sapling
   235 | D        | Killed an oklob sapling
   235 | D        | Reached ** piety under Trog
   236 | D        | Reached skill level 5 in Fighting
   236 | D        | Reached skill level 4 in Axes
   236 | D        | Reached XP level 3. HP: 26/26 MP: 3/3
   268 | D        | Noticed a scorpion
   268 | D        | Found the amulet of invisibility {+Inv}
   274 | D        | Killed a scorpion
   275 | D        | Reached skill level 5 in Axes
   275 | D        | Reached XP level 4. HP: 30/32 MP: 4/4
   300 | D        | Found an opulent altar of Gozag.
   300 | D        | Found a hazy altar of Hepliaklqana.
   300 | D        | Found a burning altar of Makhleb.
   300 | D        | Found a sparkling altar of Nemelex Xobeh.
   300 | D        | Found a snail-covered altar of Cheibriados.
   300 | D        | Found a sacrificial altar of Ru.
   300 | D        | Found a shimmering blue altar of Sif Muna.
   300 | D        | Found a shimmering altar of Xom.
   300 | D        | Found a basalt altar of Yredelemnul.
   301 | D        | Found a viscous altar of Jiyva.
   301 | D        | Found a bloodstained altar of Trog.
   301 | D        | Found an ornate altar of the Wu Jian Council.
   301 | D        | Noticed an oklob sapling priest
   302 | D        | Found an iron altar of Okawaru.
   302 | D        | Found a shadowy altar of Dithmenos.
   302 | D        | Found a glowing silver altar of Zin.
   303 | D        | Found an ancient bone altar of Kikubaaqudgha.
   303 | D        | Found a hide-covered altar of Uskayaw.
   304 | D        | Found a stormy altar of Qazlal.
   304 | D        | Found a white marble altar of Elyvilon.
   304 | D        | Found a glowing golden altar of the Shining One.
   305 | D        | Found a corrupted altar of Lugonu.
   305 | D        | Found a radiant altar of Vehumet.
   315 | D        | Killed an oklob sapling priest
   316 | D        | Reached skill level 6 in Axes
   316 | D        | Reached skill level 1 in Stealth
   316 | D        | Reached XP level 5. HP: 31/38 MP: 3/5
   451 | D        | Reached skill level 7 in Axes
   497 | D        | Reached skill level 1 in Evocations
   497 | D        | Reached *** piety under Trog
   498 | D        | Reached XP level 6. HP: 45/45 MP: 6/6
   532 | D        | Found Zecin's Assorted Antiques.
   532 | D        | Found Ceuriedgh's Distillery.
   550 | D        | Noticed a burning bush
   550 | D        | Noticed a wandering mushroom
  1400 | D        | Killed a wandering mushroom
  1401 | D        | Reached skill level 9 in Axes
  1401 | D        | Reached skill level 5 in Armour
  1401 | D        | Reached XP level 7. HP: 52/52 MP: 7/7
  1491 | D        | Noticed a wandering mushroom
  1827 | D        | Killed a wandering mushroom
  1828 | D        | Reached skill level 10 in Fighting
  1828 | D        | Reached skill level 10 in Axes
  1836 | D        | Reached **** piety under Trog
  2501 | D        | Noticed a queen bee
  2518 | D        | Reached skill level 5 in Dodging
  2519 | D        | Reached XP level 8. HP: 59/59 MP: 6/8
  2520 | D        | Reached skill level 11 in Axes
  2526 | D        | Killed a queen bee
  2526 | D        | Reached ***** piety under Trog
  2527 | D        | Reached skill level 5 in Stealth
  2563 | D        | Noticed an oklob plant
  2579 | D        | Killed an oklob plant
  2580 | D        | Reached skill level 12 in Axes
  2852 | D        | Noticed a burning bush
  2863 | D        | Killed a burning bush
  2863 | D        | Received a gift from Trog
  2864 | D        | Reached XP level 9. HP: 50/65 MP: 9/9
  2868 | D        | Identified the +0 scale mail of the Storm King {rPois
                  | Dex+2}
  2938 | D        | Noticed a burning bush
  2938 | D        | Noticed an oklob plant
  2939 | D        | Noticed a wandering mushroom
  2956 | D        | Killed a burning bush
  2967 | D        | Killed a wandering mushroom
  2971 | D        | Killed an oklob plant
  2972 | D        | Reached skill level 13 in Axes
  3099 | D        | Noticed a spriggan druid
  3104 | D        | Killed a spriggan druid
  3105 | D        | Reached skill level 10 in Stealth
  3199 | D        | Noticed an oklob plant conjurer
  3203 | D        | Killed an oklob plant conjurer
  3203 | D        | Received a gift from Trog
  3204 | D        | Reached XP level 10. HP: 72/72 MP: 10/10
  3347 | D        | Noticed an oklob plant
  3347 | D        | Noticed an oklob plant summoner
  3348 | D        | Noticed an oklob plant shifter
  3364 | D        | Killed an oklob plant
  3371 | D        | Killed an oklob plant summoner
  3372 | D        | Reached skill level 14 in Axes
  3381 | D        | HP: 2/72 [oklob plant shifter/splash of acid (25)]
  3717 | D        | Killed an oklob plant shifter
  3718 | D        | Reached skill level 5 in Evocations
  3774 | D        | Noticed a demonic crawler
  3782 | D        | Killed a demonic crawler
  4026 | D        | Found Hoxkowku's Magic Scroll Emporium.
  4026 | D        | Found Cowk's Jewellery Shoppe.
  4030 | D        | Identified the +2 glaive of Success {speed, rF+ rCorr}
  4126 | D        | Noticed a spriggan rider
  4127 | D        | Found Wetoofir's Assorted Antiques.
  4144 | D        | Received a gift from Trog
  4145 | D        | Found Evvegiso's Antique Weapon Shoppe.
  4414 | D        | Noticed Agnes
  4428 | D        | Killed Agnes
  4794 | D        | Found Nininem's Antique Armour Emporium.
  4794 | D        | Noticed a spriggan berserker
  4802 | D        | Killed a spriggan berserker
  4803 | D        | Reached skill level 10 in Armour
  4803 | D        | Reached XP level 11. HP: 78/78 MP: 11/11
  4898 | D        | Found Davvop's Magic Scroll Shoppe.
  4899 | D        | Noticed a spriggan defender
  4912 | D        | Killed a spriggan defender
  5077 | D        | Noticed a spriggan rider
  5096 | D        | Received a gift from Trog
  5331 | D        | Noticed a ghost moth
  5332 | D        | Found Hyenn's Magic Scroll Boutique.
  5332 | D        | Found Turutam's Magic Scroll Emporium.
  5332 | D        | Found Eremobuc's Weapon Shoppe.
  5339 | D        | HP: 5/118 [ghost moth (5)]
  5340 | D        | Slain by a demonic crawler

Illustrated notes

Levels and vault maps discovered:
D:        dungeon_sprint_fedhas [sprint_temple]

Skill      XL: |  1  2  3  4  5  6  7  8  9 10 11 |
---------------+----------------------------------+-----
Fighting       | 4 5 6 7 8 9 10 11 12 13 | 13.9
Axes           | 3 4 5 6 7 9 10 12 13 14 | 14.8
Armour         | 3 4 5 10 11 | 11.5
Dodging        | 2 3 4 5 6 7 |  7.2
Stealth        | 1 2 3 7 10 12 | 12.7
Evocations     | 1 2 3 4 6 |  6.8

Action                   |  1- 3 |  4- 6 |  7- 9 | 10-12 || total
-------------------------+-------+-------+-------+-------++-------
Melee: Hand axe          |    15 |    35 |   100 |   100 ||   250
       Punch             |       |     2 |     1 |     2 ||     5
Invok: Berserk           |     2 |     4 |     6 |     9 ||    21
       Brothers in Arms  |       |       |       |     1 ||     1
 Abil: Evoke Invisibilit |       |     1 |     2 |     2 ||     5
Evoke: Phantom mirror    |       |       |       |     1 ||     1
 Stab: Sleeping          |     1 |       |     6 |     4 ||    11
       Invisible         |       |       |     4 |     4 ||     8
       Distracted        |       |       |       |     1 ||     1
Armor: Animal skin       |     2 |     4 |     8 |       ||    14
       Scale mail        |       |       |       |    27 ||    27
Dodge: Dodged            |     7 |    10 |    37 |    23 ||    77

Table legend: (Time is in decaauts)
 A = Elapsed time spent in this place.
 B = Non-inter-level travel time spent in this place.
 C = Inter-level travel time spent in this place.
 D = Time resting spent in this place.
 E = Time spent auto-exploring this place.
 F = Levels seen in this place.
 G = Mean time per level.
                   A        B        C        D        E       F      G
               +--------+--------+--------+--------+--------+-----+--------+
         Total |   5448 |   5339 |    109 |   4595 |      0 |   1 | 5448.0 |
       Dungeon |   5448 |   5339 |    109 |   4595 |      0 |   1 | 5448.0 |
               +--------+--------+--------+--------+--------+-----+--------+

Top non-repeatable levels by time:
       D: 5448 daAuts
